Knights vs Griffins

Created - November 5, 2018 at 19:22

Goals
1 2 3 T
Knights 1 0 3 4
Griffins 2 1 2 5
Shots
1 2 3 T
Knights 7 10 15 32
Griffins 12 10 8 30

1st period

1. Griffins , Tye McGinn 6 (Sean Monahan 6) at 2:03
2. Griffins , Ben Hanowski 8 (Tye McGinn 9, Jean-Francois Berube) at 3:53
3. Knights , Miro Aaltonen 9 (Kevin Hayes 2) at 10:52

Penalties :
No Penalty

2nd period

4. Griffins , J.T. Brown 3 (Oscar Klefbom 5) at 14:32

Penalties :
A.J. Jenks (Lon) for Hooking (Minor) at 17:10

3rd period

5. Knights , Michael Raffl 7 (Pavel Buchnevich 10) at 1:31
6. Knights , Miro Aaltonen 10 (Brendan Gaunce 3, Tom Wilson 3) at 9:05
7. Griffins , Simon Despres 1 (Petr Pohl 12, Sean Monahan 7) at 14:55 (PP)
8. Griffins , Oscar Klefbom 2 (Petr Pohl 13) at 18:18 (PP)
9. Knights , Linden Vey 4 (Kevin Hayes 3, Jared Spurgeon 4) at 19:53

Penalties :
Jonathan Drouin (Lon) for Tripping (Minor) at 5:36, Tom Wilson (Lon) for Slashing (Double Minor) at 14:52, Brendan Gaunce (Lon) for Interference (Minor) at 17:36

Goalie Stats

Ben Scrivens (Lon), 25 saves from 30 shots - (0.833), L, 4-2-1, 59:59 minutes
Jean-Francois Berube (Cap), 28 saves from 32 shots - (0.875), W, 4-1-2, 60:00 minutes

Players Stats for Knights

Player Name              G  A  P  +/- PIM S  H  SB GA TA FO     MP     PP MP  PK MP  
------------------------------------------------------------------------------------
A.J. Jenks               0  0  0   0  2   5  1  0  0  0  0/0     9:34   0:00   0:00 
Brendan Gaunce           0  1  1   0  2   1  0  0  0  0  5/6    10:07   0:00   0:33 
Collin Miller            0  0  0   1  0   0  0  0  0  0  0/0    13:07   0:00   0:22 
Jaccob Slavin            0  0  0  -2  0   0  0  0  2  0  0/0    22:23   0:00   2:34 
Jared Spurgeon           0  1  1   2  0   5  1  1  1  2  0/0    28:14   0:00   4:08 
Jonathan Drouin          0  0  0  -1  2   1  0  0  0  0  2/4    11:25   0:00   0:00 
Jordan Martinook         0  0  0  -1  0   1  1  1  0  0  0/0    13:29   0:00   2:03 
Kevin Hayes              0  2  2   2  0   2  5  0  0  0  0/1    15:17   0:00   0:00 
Linden Vey               1  0  1   0  0   2  3  1  1  1  3/5    15:22   0:00   3:40 
Matthew Benning          0  0  0   1  0   0  2  0  0  2  0/0    12:05   0:00   0:00 
Michael Matheson         0  0  0   2  0   0  3  0  0  0  0/0    23:17   0:00   2:34 
Michael Raffl            1  0  1   0  0   3  0  1  1  1  0/0    20:27   0:00   3:28 
Miro Aaltonen            2  0  2   1  0   3  1  0  1  0  4/11   15:07   0:00   0:00 
Noel Acciari             0  0  0   0  0   6  2  0  0  1  11/25  19:23   0:00   2:29 
Pavel Buchnevich         0  1  1   0  0   0  0  0  1  0  0/3    16:59   0:00   0:00 
Tom Wilson               0  1  1   1  4   0  2  0  0  0  2/2    10:47   0:00   0:56 
Valentin Zykov           0  0  0   1  0   1  0  0  0  0  1/2    15:17   0:00   0:15 
Zach Trotman             0  0  0  -2  0   2  2  0  0  0  0/0    20:54   0:00   3:46 

Players Stats for Griffins

Player Name              G  A  P  +/- PIM S  H  SB GA TA FO     MP     PP MP  PK MP  
------------------------------------------------------------------------------------
Anton Slepyshev          0  0  0   0  0   0  1  0  0  0  0/0    11:57   0:00   0:00 
Ben Hanowski             1  0  1  -1  0   3  4  0  0  0  1/2    16:58   2:45   0:00 
Brendan Woods            0  0  0   1  0   2  0  0  0  0  1/2     9:05   0:00   0:00 
Bryan Young              0  0  0   0  0   0  3  2  2  0  0/0    21:41   0:11   0:00 
J.T. Brown               1  0  1   1  0   2  1  0  0  0  0/0     9:32   0:19   0:00 
Jamie Arniel             0  0  0  -1  0   3  2  0  0  1  13/22  21:47   3:46   0:00 
Jan Mursak               0  0  0   1  0   0  0  0  0  0  1/4     8:59   0:00   0:00 
Nathan Oystrick          0  0  0   0  0   0  1  3  0  3  0/0    16:10   0:00   0:00 
Oscar Klefbom            1  1  2   0  0   3  0  2  2  1  0/0    25:14   3:57   0:00 
Petr Pohl                0  2  2  -1  0   5  1  0  0  0  1/2    21:41   3:46   0:00 
Petter Granberg          0  0  0   0  0   0  0  1  0  0  0/0    18:45   2:45   0:00 
Quinton Howden           0  0  0   0  0   0  0  0  0  1  0/2    11:57   0:00   0:00 
Robert Dome              0  0  0  -2  0   3  2  0  0  0  0/0    20:50   2:45   0:00 
Ryan Hartman             0  0  0   0  0   1  1  0  0  0  1/2    12:16   0:11   0:00 
Sean Monahan             0  2  2  -1  0   3  0  0  0  0  12/22  17:57   3:38   0:00 
Simon Despres            1  0  1  -1  0   1  1  2  0  0  0/0    20:04   3:57   0:00 
Ty Wishart               0  0  0  -1  0   1  3  0  1  0  0/0    18:25   2:45   0:00 
Tye McGinn               1  1  2   0  0   3  2  0  2  1  1/1    16:42   2:45   0:00 

3 Stars

1 - Miro Aaltonen (Lon)
2 - Kevin Hayes (Lon)
3 - Tye McGinn (Cap)

Power Play

Knights - 0 on 0 Attempt(s) - 0.00%
Griffins - 2 on 5 Attempt(s) - 40.00%

Penalty Kill

Knights - 3 on 5 Attempt(s) - 60.00% - Score 0 goal in Penalty Kill
Griffins - 0 on 0 Attempt(s) - 0.00% - Score 0 goal in Penalty Kill

Team Stat

Knights - Hits : 23 - Faceoff Wins : 28 - Blocked Shots : 4 - Penalty Minutes : 10
Griffins - Hits : 22 - Faceoff Wins : 31 - Blocked Shots : 10 - Penalty Minutes : 0

Official

Referees : Unknown
Linesman : Unknown

Game Notes

No Game Note

Finance

Level 1 -- Attendance: 1398 (69.90%) -- Ticket Income $48,930
Level 2 -- Attendance: 670 (67.00%) -- Ticket Income $13,400
Total Attendance: 2068 (68.93%)
Total Ticket Income: $62,330
Other Income: $3,116
Total Income: $65,446

Knights

5 vs 5 Forward 
   Center                   Left Wing                Right Wing               Time % Phy DF OF 
 1 Noel Acciari             Michael Raffl            Pavel Buchnevich         36     1   1  3  
 2 Miro Aaltonen            Valentin Zykov           Kevin Hayes              30     1   1  3  
 3 Jonathan Drouin          Jordan Martinook         Linden Vey               24     1   1  3  
 4 Brendan Gaunce           A.J. Jenks               Tom Wilson               10     2   1  2  

5 vs 5 Defense 
   Defense                  Defense                                           Time % Phy DF OF 
 1 Michael Matheson         Jared Spurgeon                                    40     1   2  2  
 2 Zach Trotman             Jaccob Slavin                                     30     1   1  3  
 3 Matthew Benning          Collin Miller                                     20     1   2  2  
 4 Jared Spurgeon           Jaccob Slavin                                     10     1   2  2  

PowerPlay Forward 
   Center                   Left Wing                Right Wing               Time % Phy DF OF 
 1 Miro Aaltonen            Michael Raffl            Pavel Buchnevich         60     1   1  3  
 2 Jonathan Drouin          Linden Vey               Kevin Hayes              40     1   1  3  

PowerPlay Defense
   Defense                  Defense                                           Time % Phy DF OF 
 1 Jaccob Slavin            Jared Spurgeon                                    60     0   1  4  
 2 Collin Miller            Michael Matheson                                  40     0   1  4  

Penalty Kill 4 Players Forward 
   Center                   Wing                     Time % Phy DF OF 
 1 Linden Vey               Michael Raffl            60     1   3  1  
 2 Noel Acciari             Tom Wilson               40     1   3  1  

Penalty Kill 4 Players Defense
   Defense                  Defense                  Time % Phy DF OF 
 1 Jared Spurgeon           Zach Trotman             60     1   3  1  
 2 Jaccob Slavin            Michael Matheson         40     1   3  1  

Penalty Kill - 3 Players Forward 
   Forward                                           Time % Phy DF OF 
 1 Michael Raffl                                     60     0   4  1  
 2 Linden Vey                                        40     0   4  1  

Penalty Kill - 3 Players Defense
   Defense                  Defense                  Time % Phy DF OF 
 1 Zach Trotman             Jared Spurgeon           60     1   3  1  
 2 Michael Matheson         Jaccob Slavin            40     1   3  1  

4 vs 4 Forward 
   Center                   Wing                     Time % Phy DF OF 
 1 Tom Wilson               Michael Raffl            60     1   2  2  
 2 Linden Vey               Noel Acciari             40     1   2  2  

4 vs 4 Defense
   Defense                  Defense                  Time % Phy DF OF 
 1 Jared Spurgeon           Jaccob Slavin            60     1   2  2  
 2 Michael Matheson         Collin Miller            40     1   2  2  

Last Minutes Offensive
   Center                   Left Wing                Right Wing               Defense                  Defense                  
   Miro Aaltonen            Michael Raffl            Pavel Buchnevich         Jared Spurgeon           Jaccob Slavin            

Last Minutes Defensive
   Center                   Left Wing                Right Wing               Defense                  Defense                  
   Noel Acciari             Michael Raffl            Kevin Hayes              Jared Spurgeon           Jaccob Slavin            

Goaltenders
Starting : Ben Scrivens             
Backup : Eamon McAdam             

Extra Forwards
Normal : Tom Wilson, Linden Vey, Michael Raffl - PP : Tom Wilson, Michael Raffl - PK : Michael Raffl
Extra Defensemen
Normal : Jaccob Slavin, Jared Spurgeon, Michael Matheson - PP : Jaccob Slavin - PK : Jaccob Slavin, Jared Spurgeon
Penalty Shots
Michael Raffl, Noel Acciari, Pavel Buchnevich, Tom Wilson, Linden Vey

Scratches
Stefan Matteau (Healthy), Zach Nastasiuk (Healthy), Cody Bass (Healthy), Alan Quine (Healthy), Matt Puempel (Healthy)
David Shields (Healthy), Matt Grzelcyk (Healthy), Trevor Moore (Healthy), Scott Wilson (Healthy), Curtis Valk (Healthy)
Anthony Louis (Healthy), Ludwig Bystrom (Healthy), Brett Connolly (Healthy), Travis Boyd (Healthy), Anton Blidh (Healthy)
Andrei Mironov (Healthy), Connor Knapp (Healthy), Magnus Hellberg (Healthy), Philippe Desrosiers (Healthy), Ville Husso (Healthy)

Griffins

5 vs 5 Forward 
   Center                   Left Wing                Right Wing               Time % Phy DF OF 
 1 Jamie Arniel             Robert Dome              Petr Pohl                40     0   2  3  
 2 Sean Monahan             Tye McGinn               Ben Hanowski             30     0   2  3  
 3 Quinton Howden           Anton Slepyshev          Ryan Hartman             20     0   2  3  
 4 Jan Mursak               Brendan Woods            J.T. Brown               10     0   2  3  

5 vs 5 Defense 
   Defense                  Defense                                           Time % Phy DF OF 
 1 Oscar Klefbom            Bryan Young                                       40     0   2  3  
 2 Simon Despres            Ty Wishart                                        30     0   3  2  
 3 Petter Granberg          Nathan Oystrick                                   20     0   3  2  
 4 Petter Granberg          Nathan Oystrick                                   10     1   2  2  

PowerPlay Forward 
   Center                   Left Wing                Right Wing               Time % Phy DF OF 
 1 Sean Monahan             Jamie Arniel             Petr Pohl                60     0   1  4  
 2 Robert Dome              Tye McGinn               Ben Hanowski             40     0   1  4  

PowerPlay Defense
   Defense                  Defense                                           Time % Phy DF OF 
 1 Oscar Klefbom            Simon Despres                                     60     0   1  4  
 2 Ty Wishart               Petter Granberg                                   40     0   1  4  

Penalty Kill 4 Players Forward 
   Center                   Wing                     Time % Phy DF OF 
 1 Jamie Arniel             Brendan Woods            60     1   2  2  
 2 Tye McGinn               J.T. Brown               40     1   2  2  

Penalty Kill 4 Players Defense
   Defense                  Defense                  Time % Phy DF OF 
 1 Bryan Young              Ty Wishart               60     1   2  2  
 2 Nathan Oystrick          Simon Despres            40     1   2  2  

Penalty Kill - 3 Players Forward 
   Forward                                           Time % Phy DF OF 
 1 Jamie Arniel                                      60     1   2  2  
 2 Brendan Woods                                     40     1   2  2  

Penalty Kill - 3 Players Defense
   Defense                  Defense                  Time % Phy DF OF 
 1 Bryan Young              Ty Wishart               60     1   2  2  
 2 Nathan Oystrick          Simon Despres            40     1   2  2  

4 vs 4 Forward 
   Center                   Wing                     Time % Phy DF OF 
 1 Sean Monahan             Petr Pohl                60     1   2  2  
 2 Jamie Arniel             Tye McGinn               40     1   2  2  

4 vs 4 Defense
   Defense                  Defense                  Time % Phy DF OF 
 1 Oscar Klefbom            Bryan Young              60     1   2  2  
 2 Simon Despres            Ty Wishart               40     1   2  2  

Last Minutes Offensive
   Center                   Left Wing                Right Wing               Defense                  Defense                  
   Sean Monahan             Tye McGinn               Petr Pohl                Oscar Klefbom            Jamie Arniel             

Last Minutes Defensive
   Center                   Left Wing                Right Wing               Defense                  Defense                  
   Jamie Arniel             Brendan Woods            J.T. Brown               Bryan Young              Nathan Oystrick          

Goaltenders
Starting : Jean-Francois Berube     
Backup : Olivier Roy              

Extra Forwards
Normal : Jamie Arniel, Sean Monahan, Robert Dome - PP : J.T. Brown, Ryan Hartman - PK : Ryan Hartman
Extra Defensemen
Normal : Oscar Klefbom, Simon Despres, Petter Granberg - PP : Ty Wishart - PK : Oscar Klefbom, Petter Granberg
Penalty Shots
Petr Pohl, Sean Monahan, Jamie Arniel, Ben Hanowski, Robert Dome

Scratches
Vladislav Namestnikov (Healthy), Garrett Wilson (Healthy), Tanner Kero (Healthy), Greg McKegg (Healthy), Lucas Lessio (Healthy)
Nathan Gerbe (Broken Nose Injury), Jerome Gauthier-Leduc (Healthy), Konrad Abeltshauser (Healthy), Tomas Hyka (Healthy), Brian Hart (Healthy)
Mirco Mueller (Healthy), Ian McCoshen (Healthy), Marcus Hogberg (Healthy), Matt Tomkins (Healthy)

% Time on Ice - Knights

Lines # - Real PCT - Wanted PCT - Time Play
Normal Forward
1 - 33% - 36% - 17:19
2 - 28% - 30% - 15:01
3 - 21% - 24% - 11:17
4 - 18% - 10% - 9:35
Normal Defense
1 - 40% - 40% - 21:03
2 - 31% - 30% - 16:27
3 - 21% - 20% - 11:21
4 - 8% - 10% - 4:21
PP Forward
1 - 0% - 60%
2 - 0% - 40%
PP Defense
1 - 0% - 60%
2 - 0% - 40%
PK Forward
1 - 81% - 60% - 5:26
2 - 19% - 40% - 1:16
PK Defense
1 - 62% - 60% - 4:08
2 - 38% - 40% - 2:34
PK3 Forward
1 - 0% - 60%
2 - 0% - 40%
PK3 Defense
1 - 0% - 60%
2 - 0% - 40%
44 Forward
1 - 0% - 60%
2 - 0% - 40%
44 Defense
1 - 0% - 60%
2 - 0% - 40%
Last Minute Offensive  - 0:06
Last Minute Defensive  - 0:00
Total
Forward - 60:00
Defense - 60:00

% Time on Ice - Griffins

Lines # - Real PCT - Wanted PCT - Time Play
Normal Forward
1 - 34% - 40% - 18:19
2 - 26% - 30% - 13:57
3 - 22% - 20% - 11:57
4 - 17% - 10% - 8:59
Normal Defense
1 - 40% - 40% - 21:28
2 - 29% - 30% - 15:40
3 - 20% - 20% - 10:31
4 - 10% - 10% - 5:33
PP Forward
1 - 59% - 60% - 3:57
2 - 41% - 40% - 2:45
PP Defense
1 - 59% - 60% - 3:57
2 - 41% - 40% - 2:45
PK Forward
1 - 0% - 60%
2 - 0% - 40%
PK Defense
1 - 0% - 60%
2 - 0% - 40%
PK3 Forward
1 - 0% - 60%
2 - 0% - 40%
PK3 Defense
1 - 0% - 60%
2 - 0% - 40%
44 Forward
1 - 0% - 60%
2 - 0% - 40%
44 Defense
1 - 0% - 60%
2 - 0% - 40%
Last Minute Offensive  - 0:00
Last Minute Defensive  - 0:06
Total
Forward - 60:00
Defense - 60:00

Play by Play

1st period


0:01 of 1st period - Jamie Arniel wins face-off versus Noel Acciari in neutral zone.
0:44 of 1st period - Wrist shot by Noel Acciari.
0:44 of 1st period - Stopped by Jean-Francois Berube without a rebound.
0:45 of 1st period - Sean Monahan wins face-off versus Valentin Zykov in Griffins zone.
1:18 of 1st period - Snap shot by Petr Pohl.
1:18 of 1st period - Deflect By Jamie Arniel.
1:18 of 1st period - Stopped by Ben Scrivens without a rebound.
1:19 of 1st period - Brendan Gaunce wins face-off versus Jan Mursak in Knights zone.
1:53 of 1st period - Snap shot by Robert Dome.
1:53 of 1st period - Stopped by Ben Scrivens with a rebound.
1:55 of 1st period - Wrist shot by Petr Pohl.
1:55 of 1st period - Deflect By Michael Matheson.
1:55 of 1st period - Stopped by Ben Scrivens without a rebound.
1:56 of 1st period - Sean Monahan wins face-off versus Miro Aaltonen in Knights zone.
2:03 of 1st period - Snap shot by Tye McGinn.
2:03 of 1st period - Goal by Tye McGinn - Knights : 0 - Griffins : 1.
2:04 of 1st period - Jamie Arniel wins face-off versus Miro Aaltonen in neutral zone.
2:11 of 1st period - Slapshot by Jamie Arniel.
2:11 of 1st period - Stopped by Ben Scrivens with a rebound.
2:29 of 1st period - Jared Spurgeon is hit by Ben Hanowski and loses puck.
3:32 of 1st period - Wrist shot by Miro Aaltonen.
3:32 of 1st period - Shot Misses the Net.
3:53 of 1st period - Snap shot by Ben Hanowski.
3:53 of 1st period - Goal by Ben Hanowski - Knights : 0 - Griffins : 2.
3:54 of 1st period - Noel Acciari wins face-off versus Jamie Arniel in neutral zone.
4:03 of 1st period - Wrist shot by Pavel Buchnevich.
4:03 of 1st period - Shot Misses the Net.
4:09 of 1st period - Jared Spurgeon is hit by Petr Pohl and loses puck.
5:21 of 1st period - Michael Matheson is hit by Nathan Oystrick and loses puck.
5:25 of 1st period - Icing by Tom Wilson.
5:26 of 1st period - Tom Wilson wins face-off versus Sean Monahan in Knights zone.
6:38 of 1st period - Snap shot by Jonathan Drouin.
6:38 of 1st period - Stopped by Jean-Francois Berube with a rebound.
6:40 of 1st period - Slapshot by Jordan Martinook.
6:40 of 1st period - Stopped by Jean-Francois Berube without a rebound.
6:41 of 1st period - Noel Acciari wins face-off versus Jamie Arniel in Griffins zone.
7:16 of 1st period - Oscar Klefbom is hit by Noel Acciari and loses puck.
7:35 of 1st period - Slapshot by Noel Acciari.
7:35 of 1st period - Stopped by Jean-Francois Berube without a rebound.
7:36 of 1st period - Miro Aaltonen wins face-off versus Jamie Arniel in Griffins zone.
7:37 of 1st period - Wrist shot by Kevin Hayes.
7:37 of 1st period - Shot Blocked by Simon Despres.
7:39 of 1st period - Slapshot by Jared Spurgeon.
7:39 of 1st period - Deflect By Jamie Arniel.
7:39 of 1st period - Stopped by Jean-Francois Berube with a rebound.
7:51 of 1st period - Snap shot by Kevin Hayes.
7:51 of 1st period - Stopped by Jean-Francois Berube with a rebound.
9:00 of 1st period - Jamie Arniel is hit by Linden Vey and loses puck.
9:35 of 1st period - Jared Spurgeon is hit by Tye McGinn and loses puck.
9:50 of 1st period - Slapshot by J.T. Brown.
9:50 of 1st period - Stopped by Ben Scrivens with a rebound.
10:23 of 1st period - Snap shot by Pavel Buchnevich.
10:23 of 1st period - Shot Blocked by Bryan Young.
10:38 of 1st period - Snap shot by Ryan Hartman.
10:38 of 1st period - Stopped by Ben Scrivens without a rebound.
10:39 of 1st period - Brendan Gaunce wins face-off versus Sean Monahan in Knights zone.
10:46 of 1st period - Slapshot by Collin Miller.
10:46 of 1st period - Shot Misses the Net.
10:48 of 1st period - Backhand shot by Collin Miller.
10:48 of 1st period - Deflect By A.J. Jenks.
10:48 of 1st period - Shot Blocked by Nathan Oystrick.
10:48 of 1st period - Puck is out of play.
10:49 of 1st period - Miro Aaltonen wins face-off versus Sean Monahan in Griffins zone.
10:52 of 1st period - Snap shot by Miro Aaltonen.
10:52 of 1st period - Goal by Miro Aaltonen - Knights : 1 - Griffins : 2.
10:53 of 1st period - Miro Aaltonen wins face-off versus Jamie Arniel in neutral zone.
11:18 of 1st period - Michael Raffl is hit by Ty Wishart and loses puck.
11:23 of 1st period - Slapshot by Sean Monahan.
11:23 of 1st period - Stopped by Ben Scrivens with a rebound.
11:37 of 1st period - Snap shot by Linden Vey.
11:37 of 1st period - Shot Blocked by Nathan Oystrick.
11:45 of 1st period - Jared Spurgeon is hit by J.T. Brown and loses puck.
12:19 of 1st period - Snap shot by Tye McGinn.
12:19 of 1st period - Stopped by Ben Scrivens with a rebound.
12:23 of 1st period - Snap shot by Ben Hanowski.
12:23 of 1st period - Stopped by Ben Scrivens with a rebound.
12:25 of 1st period - Slapshot by Ty Wishart.
12:25 of 1st period - Stopped by Ben Scrivens without a rebound.
12:26 of 1st period - Noel Acciari wins face-off versus Jamie Arniel in Knights zone.
13:36 of 1st period - Michael Matheson is hit by Robert Dome and loses puck.
14:01 of 1st period - Snap shot by Michael Raffl.
14:01 of 1st period - Shot Misses the Net.
14:07 of 1st period - Snap shot by Noel Acciari.
14:07 of 1st period - Shot Misses the Net.
14:42 of 1st period - Nathan Oystrick is hit by Zach Trotman and loses puck.
15:26 of 1st period - Sean Monahan is hit by Jordan Martinook and loses puck.
15:43 of 1st period - Ryan Hartman is hit by Matthew Benning and loses puck.
16:21 of 1st period - Michael Matheson is hit by Bryan Young and loses puck.
16:56 of 1st period - Snap shot by Noel Acciari.
16:56 of 1st period - Shot Blocked by Nathan Oystrick.
17:20 of 1st period - Simon Despres is hit by Kevin Hayes and loses puck.
17:29 of 1st period - Jaccob Slavin is hit by Ty Wishart.
18:02 of 1st period - Quinton Howden is hit by Matthew Benning and loses puck.
18:14 of 1st period - Off-side.
18:15 of 1st period - Noel Acciari wins face-off versus Jamie Arniel in neutral zone.
18:18 of 1st period - Robert Dome is hit by Jared Spurgeon and loses puck.
19:57 of 1st period - Off-side.
19:58 of 1st period - Sean Monahan wins face-off versus Miro Aaltonen in neutral zone.
Goals for this period are 1 for Knights vs 2 for Griffins.
Shots for this period are 7 for Knights vs 12 for Griffins.

2nd period


0:01 of 2nd period - Jamie Arniel wins face-off versus Noel Acciari in neutral zone.
0:13 of 2nd period - Snap shot by Robert Dome.
0:13 of 2nd period - Stopped by Ben Scrivens with a rebound.
1:10 of 2nd period - Snap shot by Michael Raffl.
1:10 of 2nd period - Shot Misses the Net.
1:28 of 2nd period - Ty Wishart is hit by A.J. Jenks and loses puck.
1:33 of 2nd period - Slapshot by Brendan Gaunce.
1:33 of 2nd period - Shot Misses the Net.
1:35 of 2nd period - Slapshot by A.J. Jenks.
1:35 of 2nd period - Stopped by Jean-Francois Berube with a rebound.
1:45 of 2nd period - Kevin Hayes is hit by Ben Hanowski and loses puck.
1:55 of 2nd period - Sean Monahan is hit by Miro Aaltonen and loses puck.
3:12 of 2nd period - Snap shot by Brendan Gaunce.
3:12 of 2nd period - Stopped by Jean-Francois Berube without a rebound.
3:13 of 2nd period - Brendan Gaunce wins face-off versus Brendan Woods in Griffins zone.
3:14 of 2nd period - Wrist shot by A.J. Jenks.
3:14 of 2nd period - Stopped by Jean-Francois Berube without a rebound.
3:15 of 2nd period - Brendan Gaunce wins face-off versus Jan Mursak in Griffins zone.
3:16 of 2nd period - Slapshot by A.J. Jenks.
3:16 of 2nd period - Shot Misses the Net.
3:42 of 2nd period - Snap shot by Noel Acciari.
3:42 of 2nd period - Shot Misses the Net.
4:06 of 2nd period - Valentin Zykov is hit by Tye McGinn and loses puck.
4:49 of 2nd period - Slapshot by Petr Pohl.
4:49 of 2nd period - Shot Misses the Net.
5:01 of 2nd period - Wrist shot by Miro Aaltonen.
5:01 of 2nd period - Stopped by Jean-Francois Berube without a rebound.
5:02 of 2nd period - Noel Acciari wins face-off versus Quinton Howden in Griffins zone.
5:52 of 2nd period - Backhand shot by Linden Vey.
5:52 of 2nd period - Stopped by Jean-Francois Berube with a rebound.
6:06 of 2nd period - Backhand shot by A.J. Jenks.
6:06 of 2nd period - Stopped by Jean-Francois Berube with a rebound.
6:27 of 2nd period - Ty Wishart is hit by Noel Acciari and loses puck.
8:06 of 2nd period - Slapshot by Oscar Klefbom.
8:06 of 2nd period - Deflect By Brendan Woods.
8:06 of 2nd period - Stopped by Ben Scrivens without a rebound.
8:07 of 2nd period - Sean Monahan wins face-off versus Noel Acciari in Knights zone.
8:12 of 2nd period - Wrist shot by Sean Monahan.
8:12 of 2nd period - Deflect By Tye McGinn.
8:12 of 2nd period - Stopped by Ben Scrivens with a rebound.
8:14 of 2nd period - Wrist shot by Ben Hanowski.
8:14 of 2nd period - Shot Misses the Net.
8:44 of 2nd period - Oscar Klefbom is hit by Kevin Hayes and loses puck.
9:18 of 2nd period - Slapshot by A.J. Jenks.
9:18 of 2nd period - Shot Misses the Net.
9:36 of 2nd period - Sean Monahan is hit by Zach Trotman and loses puck.
10:03 of 2nd period - Zach Trotman is hit by Robert Dome and loses puck.
10:10 of 2nd period - Jamie Arniel is hit by Kevin Hayes and loses puck.
10:18 of 2nd period - Icing by Petter Granberg.
10:19 of 2nd period - Jonathan Drouin wins face-off versus Quinton Howden in Griffins zone.
10:44 of 2nd period - Nathan Oystrick is hit by Michael Matheson and loses puck.
11:23 of 2nd period - Kevin Hayes is hit by Bryan Young and loses puck.
12:16 of 2nd period - Backhand shot by Jared Spurgeon.
12:16 of 2nd period - Stopped by Jean-Francois Berube without a rebound.
12:17 of 2nd period - Noel Acciari wins face-off versus Jamie Arniel in Griffins zone.
12:18 of 2nd period - Slapshot by Michael Raffl.
12:18 of 2nd period - Stopped by Jean-Francois Berube with a rebound.
13:04 of 2nd period - Ty Wishart is hit by Kevin Hayes and loses puck.
13:29 of 2nd period - Robert Dome is hit by Michael Matheson and loses puck.
13:50 of 2nd period - Slapshot by Sean Monahan.
13:50 of 2nd period - Stopped by Ben Scrivens with a rebound.
13:52 of 2nd period - Wrist shot by Ben Hanowski.
13:52 of 2nd period - Shot Misses the Net.
14:15 of 2nd period - Off-side.
14:16 of 2nd period - Jan Mursak wins face-off versus Jonathan Drouin in neutral zone.
14:21 of 2nd period - Slapshot by Oscar Klefbom.
14:21 of 2nd period - Stopped by Ben Scrivens with a rebound.
14:32 of 2nd period - Wrist shot by J.T. Brown.
14:32 of 2nd period - Goal by J.T. Brown - Knights : 1 - Griffins : 3.
14:33 of 2nd period - Sean Monahan wins face-off versus Noel Acciari in neutral zone.
14:36 of 2nd period - Slapshot by Oscar Klefbom.
14:36 of 2nd period - Stopped by Ben Scrivens without a rebound.
14:37 of 2nd period - Noel Acciari wins face-off versus Sean Monahan in Knights zone.
14:39 of 2nd period - Icing by Jaccob Slavin.
14:40 of 2nd period - Noel Acciari wins face-off versus Ben Hanowski in Knights zone.
14:47 of 2nd period - Slapshot by Zach Trotman.
14:47 of 2nd period - Shot Misses the Net.
14:49 of 2nd period - Snap shot by Noel Acciari.
14:49 of 2nd period - Stopped by Jean-Francois Berube with a rebound.
14:51 of 2nd period - Slapshot by Noel Acciari.
14:51 of 2nd period - Stopped by Jean-Francois Berube without a rebound.
14:52 of 2nd period - Jamie Arniel wins face-off versus Noel Acciari in Griffins zone.
14:59 of 2nd period - Wrist shot by Jamie Arniel.
14:59 of 2nd period - Shot Hit the Post.
15:01 of 2nd period - Wrist shot by Petr Pohl.
15:01 of 2nd period - Stopped by Ben Scrivens without a rebound.
15:02 of 2nd period - Petr Pohl wins face-off versus Noel Acciari in Knights zone.
15:09 of 2nd period - Snap shot by Robert Dome.
15:09 of 2nd period - Shot Blocked by Jared Spurgeon.
15:11 of 2nd period - Slapshot by Bryan Young.
15:11 of 2nd period - Shot Misses the Net.
15:13 of 2nd period - Wrist shot by Petr Pohl.
15:13 of 2nd period - Shot Misses the Net.
15:15 of 2nd period - Slapshot by Oscar Klefbom.
15:15 of 2nd period - Deflect By Petr Pohl.
15:15 of 2nd period - Stopped by Ben Scrivens without a rebound.
15:16 of 2nd period - Sean Monahan wins face-off versus Noel Acciari in Knights zone.
15:19 of 2nd period - Slapshot by Tye McGinn.
15:19 of 2nd period - Deflect By Ben Hanowski.
15:19 of 2nd period - Deflect By Michael Raffl.
15:19 of 2nd period - Shot Blocked by Michael Raffl.
15:19 of 2nd period - Puck is out of play.
15:20 of 2nd period - Sean Monahan wins face-off versus Noel Acciari in Knights zone.
15:29 of 2nd period - Snap shot by Sean Monahan.
15:29 of 2nd period - Stopped by Ben Scrivens without a rebound.
15:30 of 2nd period - Jamie Arniel wins face-off versus Noel Acciari in Knights zone.
15:44 of 2nd period - Off-side.
15:45 of 2nd period - Tye McGinn wins face-off versus Kevin Hayes in neutral zone.
16:02 of 2nd period - Ben Hanowski is hit by Kevin Hayes and loses puck.
16:15 of 2nd period - Snap shot by Jared Spurgeon.
16:15 of 2nd period - Shot Blocked by Oscar Klefbom.
16:36 of 2nd period - Ryan Hartman is hit by Linden Vey.
16:58 of 2nd period - Wrist shot by Jan Mursak.
16:58 of 2nd period - Shot Misses the Net.
17:10 of 2nd period - Minor Penalty to A.J. Jenks for Hooking.
17:11 of 2nd period - Linden Vey wins face-off versus Sean Monahan in Knights zone.
17:11 of 2nd period - Linden Vey is hit by Jamie Arniel.
19:10 of 2nd period - Penalty to A.J. Jenks is over, A.J. Jenks is back on ice.
Goals for this period are 0 for Knights vs 1 for Griffins.
Shots for this period are 10 for Knights vs 10 for Griffins.

3rd period


0:01 of 3rd period - Noel Acciari wins face-off versus Jamie Arniel in neutral zone.
0:27 of 3rd period - Michael Matheson is hit by Ben Hanowski and loses puck.
1:13 of 3rd period - Slapshot by Jaccob Slavin.
1:13 of 3rd period - Shot Blocked by Bryan Young.
1:15 of 3rd period - Snap shot by A.J. Jenks.
1:15 of 3rd period - Shot Misses the Net.
1:17 of 3rd period - Slapshot by Zach Trotman.
1:17 of 3rd period - Stopped by Jean-Francois Berube with a rebound.
1:19 of 3rd period - Slapshot by A.J. Jenks.
1:19 of 3rd period - Stopped by Jean-Francois Berube without a rebound.
1:20 of 3rd period - Jamie Arniel wins face-off versus Pavel Buchnevich in Griffins zone.
1:31 of 3rd period - Snap shot by Michael Raffl.
1:31 of 3rd period - Goal by Michael Raffl - Knights : 2 - Griffins : 3.
1:32 of 3rd period - Jamie Arniel wins face-off versus Pavel Buchnevich in neutral zone.
1:35 of 3rd period - Slapshot by Bryan Young.
1:35 of 3rd period - Shot Misses the Net.
1:53 of 3rd period - Robert Dome is hit by Michael Matheson and loses puck.
2:14 of 3rd period - Wrist shot by Sean Monahan.
2:14 of 3rd period - Shot Misses the Net.
2:26 of 3rd period - Wrist shot by Jan Mursak.
2:26 of 3rd period - Shot Misses the Net.
2:28 of 3rd period - Wrist shot by Jan Mursak.
2:28 of 3rd period - Shot Misses the Net.
2:30 of 3rd period - Wrist shot by Brendan Woods.
2:30 of 3rd period - Stopped by Ben Scrivens without a rebound.
2:31 of 3rd period - Noel Acciari wins face-off versus Jan Mursak in Knights zone.
3:16 of 3rd period - Icing by Zach Trotman.
3:17 of 3rd period - Sean Monahan wins face-off versus Brendan Gaunce in Knights zone.
3:18 of 3rd period - Wrist shot by Ben Hanowski.
3:18 of 3rd period - Stopped by Ben Scrivens without a rebound.
3:19 of 3rd period - Brendan Gaunce wins face-off versus Sean Monahan in Knights zone.
3:28 of 3rd period - Slapshot by Jared Spurgeon.
3:28 of 3rd period - Stopped by Jean-Francois Berube with a rebound.
3:30 of 3rd period - Snap shot by Tom Wilson.
3:30 of 3rd period - Deflect By A.J. Jenks.
3:30 of 3rd period - Stopped by Jean-Francois Berube with a rebound.
3:32 of 3rd period - Slapshot by Jared Spurgeon.
3:32 of 3rd period - Stopped by Jean-Francois Berube with a rebound.
3:57 of 3rd period - Jared Spurgeon is hit by Ben Hanowski.
4:16 of 3rd period - Slapshot by Zach Trotman.
4:16 of 3rd period - Stopped by Jean-Francois Berube with a rebound.
4:28 of 3rd period - Wrist shot by Oscar Klefbom.
4:28 of 3rd period - Deflect By Quinton Howden.
4:28 of 3rd period - Shot Misses the Net.
4:28 of 3rd period - Puck is out of play.
4:29 of 3rd period - Jonathan Drouin wins face-off versus Ryan Hartman in Knights zone.
4:29 of 3rd period - Jonathan Drouin is hit by Ty Wishart.
4:37 of 3rd period - Slapshot by Jordan Martinook.
4:37 of 3rd period - Shot Blocked by Simon Despres.
4:42 of 3rd period - Off-side.
4:43 of 3rd period - Jamie Arniel wins face-off versus Noel Acciari in neutral zone.
4:58 of 3rd period - Wrist shot by Petr Pohl.
4:58 of 3rd period - Stopped by Ben Scrivens without a rebound.
4:59 of 3rd period - Miro Aaltonen wins face-off versus Sean Monahan in Knights zone.
5:36 of 3rd period - Minor Penalty to Jonathan Drouin for Tripping.
5:37 of 3rd period - Sean Monahan wins face-off versus Linden Vey in Knights zone.
5:39 of 3rd period - Snap shot by Petr Pohl.
5:39 of 3rd period - Shot Blocked by Linden Vey.
7:31 of 3rd period - Jared Spurgeon is hit by Ryan Hartman and loses puck.
7:36 of 3rd period - Penalty to Jonathan Drouin is over, Jonathan Drouin is back on ice.
8:06 of 3rd period - Ty Wishart is hit by Tom Wilson and loses puck.
8:33 of 3rd period - Matthew Benning is hit by Anton Slepyshev and loses puck.
9:05 of 3rd period - Wrist shot by Miro Aaltonen.
9:05 of 3rd period - Goal by Miro Aaltonen - Knights : 3 - Griffins : 3.
9:06 of 3rd period - Jamie Arniel wins face-off versus Noel Acciari in neutral zone.
9:15 of 3rd period - Wrist shot by Jamie Arniel.
9:15 of 3rd period - Stopped by Ben Scrivens with a rebound.
9:17 of 3rd period - Snap shot by Robert Dome.
9:17 of 3rd period - Shot Misses the Net.
9:19 of 3rd period - Slapshot by Petr Pohl.
9:19 of 3rd period - Shot Misses the Net.
9:21 of 3rd period - Snap shot by Petr Pohl.
9:21 of 3rd period - Stopped by Ben Scrivens with a rebound.
9:42 of 3rd period - Snap shot by Kevin Hayes.
9:42 of 3rd period - Stopped by Jean-Francois Berube without a rebound.
9:43 of 3rd period - Noel Acciari wins face-off versus Jamie Arniel in Griffins zone.
10:08 of 3rd period - Jared Spurgeon is hit by Simon Despres and loses puck.
11:23 of 3rd period - Slapshot by Noel Acciari.
11:23 of 3rd period - Stopped by Jean-Francois Berube without a rebound.
11:24 of 3rd period - Jamie Arniel wins face-off versus Noel Acciari in Griffins zone.
11:29 of 3rd period - Snap shot by Michael Raffl.
11:29 of 3rd period - Stopped by Jean-Francois Berube without a rebound.
11:30 of 3rd period - Jamie Arniel wins face-off versus Noel Acciari in Griffins zone.
11:37 of 3rd period - Wrist shot by Petr Pohl.
11:37 of 3rd period - Shot Misses the Net.
12:03 of 3rd period - Slapshot by Jared Spurgeon.
12:03 of 3rd period - Stopped by Jean-Francois Berube with a rebound.
12:05 of 3rd period - Snap shot by Michael Raffl.
12:05 of 3rd period - Shot Misses the Net.
12:09 of 3rd period - Slapshot by Noel Acciari.
12:09 of 3rd period - Stopped by Jean-Francois Berube without a rebound.
12:10 of 3rd period - Ben Hanowski wins face-off versus Miro Aaltonen in Griffins zone.
12:15 of 3rd period - Wrist shot by Sean Monahan.
12:15 of 3rd period - Shot Misses the Net.
12:17 of 3rd period - Slapshot by Oscar Klefbom.
12:17 of 3rd period - Deflect By Ben Hanowski.
12:17 of 3rd period - Shot Misses the Net.
12:17 of 3rd period - Puck is out of play.
12:18 of 3rd period - Valentin Zykov wins face-off versus Sean Monahan in Knights zone.
12:23 of 3rd period - Slapshot by Zach Trotman.
12:23 of 3rd period - Deflect By Valentin Zykov.
12:23 of 3rd period - Stopped by Jean-Francois Berube with a rebound.
12:45 of 3rd period - Slapshot by Bryan Young.
12:45 of 3rd period - Shot Blocked by Jordan Martinook.
12:47 of 3rd period - Backhand shot by Oscar Klefbom.
12:47 of 3rd period - Deflect By Robert Dome.
12:47 of 3rd period - Shot Misses the Net.
12:47 of 3rd period - Puck is out of play.
12:48 of 3rd period - Jamie Arniel wins face-off versus Pavel Buchnevich in Knights zone.
13:03 of 3rd period - Slapshot by Jared Spurgeon.
13:03 of 3rd period - Shot Blocked by Petter Granberg.
13:09 of 3rd period - Slapshot by Robert Dome.
13:09 of 3rd period - Deflect By Jared Spurgeon.
13:09 of 3rd period - Stopped by Ben Scrivens without a rebound.
13:10 of 3rd period - Sean Monahan wins face-off versus Miro Aaltonen in Knights zone.
13:14 of 3rd period - Icing by Jaccob Slavin.
13:15 of 3rd period - Sean Monahan wins face-off versus Miro Aaltonen in Knights zone.
13:26 of 3rd period - Kevin Hayes is hit by Bryan Young and loses puck.
14:02 of 3rd period - Off-side.
14:03 of 3rd period - Jamie Arniel wins face-off versus Noel Acciari in neutral zone.
14:16 of 3rd period - Wrist shot by Pavel Buchnevich.
14:16 of 3rd period - Shot Misses the Net.
14:52 of 3rd period - Double Minor Penalty to Tom Wilson for Slashing.
14:53 of 3rd period - Sean Monahan wins face-off versus Linden Vey in Knights zone.
14:53 of 3rd period - Snap shot by Petr Pohl.
14:53 of 3rd period - Shot Misses the Net.
14:55 of 3rd period - Slapshot by Simon Despres.
14:55 of 3rd period - Deflect By Michael Raffl.
14:55 of 3rd period - Goal by Simon Despres - Knights : 3 - Griffins : 4.
14:56 of 3rd period - Linden Vey wins face-off versus Sean Monahan in neutral zone.
16:55 of 3rd period - Penalty to Tom Wilson is over, Tom Wilson is back on ice.
17:19 of 3rd period - Brendan Woods is hit by Tom Wilson.
17:36 of 3rd period - Minor Penalty to Brendan Gaunce for Interference.
17:37 of 3rd period - Linden Vey wins face-off versus Petr Pohl in Knights zone.
17:48 of 3rd period - Petr Pohl is hit by Linden Vey and loses puck.
18:18 of 3rd period - Slapshot by Oscar Klefbom.
18:18 of 3rd period - Goal by Oscar Klefbom - Knights : 3 - Griffins : 5.
18:19 of 3rd period - Ryan Hartman wins face-off versus Jonathan Drouin in neutral zone.
19:10 of 3rd period - Jaccob Slavin is hit by Jamie Arniel and loses puck.
19:43 of 3rd period - Backhand shot by Jaccob Slavin.
19:43 of 3rd period - Shot Misses the Net.
19:45 of 3rd period - Slapshot by Zach Trotman.
19:45 of 3rd period - Deflect By Kevin Hayes.
19:45 of 3rd period - Shot Blocked by Oscar Klefbom.
19:45 of 3rd period - Puck is out of play.
19:46 of 3rd period - Tom Wilson wins face-off versus Sean Monahan in Griffins zone.
19:53 of 3rd period - Slapshot by Linden Vey.
19:53 of 3rd period - Goal by Linden Vey - Knights : 4 - Griffins : 5.
19:54 of 3rd period - Brendan Woods wins face-off versus Miro Aaltonen in neutral zone.
19:59 of 3rd period - Knights, Ben Scrivens is pulled from the net.
Goals for this period are 3 for Knights vs 2 for Griffins.
Shots for this period are 15 for Knights vs 8 for Griffins.